 Dungeon Crawl Stone Soup version 0.27-a0-1196-g3e9cee4cb2 (webtiles) character file.

Game seed: 8276844822488646041

240 bande the Covered (level 6, -8/38 HPs)
             Began as a Gargoyle Fighter on May 27, 2021.
             Mangled by a yak (12 damage)
             ... on level 3 of the Dungeon.
             The game lasted 00:04:28 (3193 turns).

bande the Covered (Gargoyle Fighter)                Turns: 3193, Time: 00:04:28

Health: -8/38      AC: 17    Str: 20    XL:     6   Next: 8%
Magic:  6/6        EV:  4    Int:  9    God:
Gold:   123        SH:  9    Dex: 10    Spells: 5/5 levels left

rFire    . . .     SeeInvis .   a - +1 war axe
rCold    . . .     Faith    .   c - +0 kite shield
rNeg     + . .     Spirit   .   g - +0 plate armour
rPois    ∞         Reflect  .   (no helmet)
rElec    +         Harm     .   (no cloak)
rCorr    .         Rampage  .   m - +0 pair of gloves
Will     .....                  (no boots)
Stlth    ..........             (no amulet)
HPRegen  0.12/turn              j - +4 ring of slaying
MPRegen  0.10/turn              (no ring)

@: mighty
A: sickness immunity, AC +4, negative energy resistance 1, electricity
resistance, torment resistance 1, petrification resistance
a: no special abilities


You were on level 3 of the Dungeon.
You visited 1 branch of the dungeon, and saw 4 of its levels.

You collected 123 gold pieces.

Inventory:

Hand Weapons
 a - a +1 war axe (weapon)
 k - a +0 morningstar
Armour
 c - a +0 kite shield (worn)
 f - a +0 pair of gloves
 g - a +0 plate armour (worn)
 m - a +0 pair of gloves (worn)
Jewellery
 i - a +6 ring of dexterity
 j - a +4 ring of slaying (left hand)
Scrolls
 l - a scroll of amnesia {unknown}
Potions
 b - 2 potions of curing
 d - a potion of might
 e - a potion of flight {unknown}
 h - a potion of magic {unknown}


   Skills:
 + Level 4.2 Fighting
 + Level 3.9 Axes
 + Level 4.4 Armour
 + Level 4.2 Shields


You had 5 spell levels left.
You didn't know any spells.
Your spell library was empty.

Dungeon Overview and Level Annotations

Branches:
Dungeon (4/15)
 Temple: D:4-7

Altars:
Fedhas
Qazlal
Yredelemnul
The Shining One


Innate Abilities, Weirdness & Mutations

You are immune to sickness and miasma.
Your stone body is resilient. (AC +4)
You are immune to poison.
You resist negative energy. (rN+)
You are resistant to electric shocks. (rElec)
You are resistant to unholy torment.
You are immune to petrification.


Message History

You are too injured to fight recklessly!
You are too injured to fight recklessly!
You are too injured to fight recklessly!
You slash the yak!
The yak is almost dead.
The yak gores you but does no damage.
You hit the yak but do no damage.
The yak is almost dead.
The yak gores you but does no damage. You block the yak's attack.
You slash the yak!
You kill the yak!
Your Fighting skill increases to level 4!
Your Armour skill increases to level 4!
You have reached level 5!
You have reached level 6!
Your experience leads to an increase in your attributes!
Increase (S)trength, (I)ntelligence, or (D)exterity?
You feel stronger.
You start resting.
HP restored.
You climb downwards.
You block the yak's attack. The yak gores you but does no damage.
The yak gores you. The yak gores you! x2
There is a stone staircase leading up here.
Unknown command.
The yak gores you. The yak gores you but does no damage. The yak gores you.
You block the yak's attack.
You climb upwards.
There is a stone staircase leading down here.
You feel very mighty all of a sudden.
The yak gores you but does no damage. x2; The yak gores you.
* * * LOW HITPOINT WARNING * * *
The yak gores you!
* * * LOW HITPOINT WARNING * * *
It was a potion of curing.
You feel better. You block the yak's attack. x2
The yak gores you but does no damage. The yak gores you!
* * * LOW HITPOINT WARNING * * *
You barely miss the yak. x2
Your plate armour prevents you from hitting the yak. x2
The yak gores you!
You die...

#.[...... #####.### #.###
#.... #.... ########
#############.##.
#####......###...........#....
#...........##Y).....###.#....
#.###..#....Y@Y......###.####.
#.###..#.#..##Y.......##.# ##
#.....<.....##........##.# #
####.#.#..####.##........##.#
#
..........####)##...........#
###.##.......†.###########.##
# #######.###)......# #.# #
##..# #.......# #.######
###A###.#.#
#..<....######.#.....


You could see 4 yaks.

Vanquished Creatures
  A yak (D:3)
  An adder (D:2)
  2 dart slugs
  6 orcs (D:3)
  3 ball pythons
  3 endoplasms
  3 giant cockroaches
  12 goblins
  6 hobgoblins
  6 jackals (D:2)
  6 kobolds
  3 quokkas
  6 bats
  2 frilled lizards
  8 rats
68 creatures vanquished.

Vanquished Creatures (others)
  A plant (D:4)
1 creature vanquished.

Grand Total: 69 creatures vanquished

Notes
Turn   | Place    | Note
-------+----------+-------------------------------------------
     0 | D:1      | bande the Gargoyle Fighter began the quest for the Orb.
     0 | D:1      | Reached XP level 1. HP: 14/14 MP: 1/1
   387 | D:1      | Reached XP level 2. HP: 19/19 MP: 2/2
   473 | D:1      | Found a faded altar of an unknown god.
   525 | D:1      | Reached XP level 3. HP: 21/23 MP: 3/3
  1346 | D:2      | Reached XP level 4. HP: 29/29 MP: 4/4
  2131 | D:3      | Found a blossoming altar of Fedhas.
  2179 | D:3      | Found a glowing golden altar of the Shining One.
  2181 | D:3      | Noticed an angel
  2187 | D:3      | Found a basalt altar of Yredelemnul.
  2189 | D:3      | Noticed a profane servitor
  2233 | D:3      | Found a stormy altar of Qazlal.
  2930 | D:4      | Noticed a yak
  2930 | D:4      | Noticed a yak
  2931 | D:4      | Noticed a yak
  2931 | D:4      | Noticed a yak
  2936 | D:4      | Noticed a yak
  2937 | D:4      | Noticed a yak
  2944 | D:3      | Killed a yak
  2945 | D:3      | Reached XP level 5. HP: 7/33 MP: 5/5
  2945 | D:3      | Reached XP level 6. HP: 8/38 MP: 6/6
  3191 | D:3      | HP: 1/38 [yak (10)]
  3193 | D:3      | Mangled by a yak

Illustrated notes

Levels and vault maps discovered:
D:1:      elethiomel_arrival_infinity_welcomes_careful_drivers, layout_basic,
          hellmonk_ecumenical_altar_arch_garden
D:2:      layout_loops_ring
D:3:      minmay_inner_zag, layout_loops_cross, grunt_temple_overflow_holy_war,
          grunt_temple_overflow_forces_of_nature
D:4:      wad_woods_settlement, layout_basic, nicolae_gozag_zags_fifth_avenue

Skill      XL: |  1  2  3  4 |
---------------+-------------+-----
Axes           | 2 3 |  3.9
Shields        | 4 |  4.2
Fighting       | 4 |  4.2
Armour         | 4 |  4.4

Action                   |  1- 3 |  4- 6 || total
-------------------------+-------+-------++-------
Melee: War axe           |   114 |    75 ||   189
  Use: Scroll            |       |     3 ||     3
       Potion            |       |     2 ||     2
Armor: Scale mail        |    23 |       ||    23
       Plate armour      |    54 |    58 ||   112
Dodge: Dodged            |    24 |     8 ||    32
Block: Kite shield       |    63 |    37 ||   100

Table legend: (Time is in decaauts)
 A = Elapsed time spent in this place.
 B = Non-inter-level travel time spent in this place.
 C = Inter-level travel time spent in this place.
 D = Time resting spent in this place.
 E = Time spent auto-exploring this place.
 F = Levels seen in this place.
 G = Mean time per level.
                   A        B        C        D        E       F      G
               +--------+--------+--------+--------+--------+-----+--------+
         Total |   3307 |   3186 |    121 |    581 |   2028 |   4 |  826.8 |
       Dungeon |   3307 |   3186 |    121 |    581 |   2028 |   4 |  826.8 |
               +--------+--------+--------+--------+--------+-----+--------+

Top non-repeatable levels by time:
     D:3: 1377 daAuts
     D:2: 1030 daAuts
     D:1: 889 daAuts
     D:4: 10 daAuts
